Map: Lerilak Crest

Players

Lamp - Winner!

  • Race: Zerg Zerg
  • League: Gold

LilDicky

  • Race: Terran Terran
  • League: Diamond

VOD

http://www.twitch.tv/tumescentpie

Description

Time

  • Played on: Dec. 2, 2015, 11 a.m.
  • Length: 14:20
Show
View Real Time Build Order
Export as new Build Order

Lamp Zerg - Winner!

Build Orders: Hatch First 

Get SALT Encoding   

  12  0:01  Drone  
  13  0:08  Drone  
  14  0:20  Extractor  
  13  0:22  Drone x2, Extractor  
  13  0:26  Overlord  
  16  0:45  Drone x2  
  18  0:59  Drone  
  18  1:01  Hatchery  
  18  1:12  Spawning Pool  
  18  1:15  Drone  
  18  1:24  Drone, Extractor  
  18  1:28  Drone  
  19  1:42  Overlord  
  19  1:59  Queen  
  21  2:01  Zergling x4  
  23  2:12  Queen  
  23  2:13  Drone  
  23  2:14  Drone  
  27  2:20  Drone  
  28  2:29  Drone  
  29  2:40  Queen  
  31  2:44  Drone, Overlord  
  31  2:45  Drone x2  
  31  2:48  Queen  
  36  3:06  Overlord  
  36  3:15  Drone x4  
  36  3:16  Drone x2  
  42  3:22  Metabolic Boost  
  42  3:24  Roach Warren  
  41  3:33  Drone x5  
  46  3:42  Evolution Chamber  
  45  3:53  Overlord  
  45  3:54  Overlord  
  45  3:55  Drone x4  
  49  4:15  Zerg Missile Weapons Level 1  
  49  4:18  Evolution Chamber  
  49  4:19  Lair  
  48  4:28  Extractor  
  48  4:29  Drone x3  
  48  4:30  Drone, Extractor  
  50  4:32  Drone x4  
  50  4:37  Hatchery  
  53  4:47  Zerg Ground Armor Level 1  
  53  4:58  Roach x3  
  59  5:02  Overlord x2  
  59  5:03  Overlord  
  59  5:04  Zergling x2  
  59  5:05  Zergling x10  
  65  5:08  Extractor  
  64  5:18  Overseer  
  64  5:20  Roach x2  
  64  5:21  Roach  
  70  5:39  Spore Crawler  
  70  5:40  Drone x3, Spore Crawler  
  71  5:50  Overlord x3  
  71  5:56  Hydralisk Den  
  70  6:03  Drone  
  70  6:04  Drone x5  
  73  6:07  Ravager x5  
  73  6:10  Ravager  
  82  6:16  Drone x3  
  85  6:27  Baneling Nest  
  84  6:34  Zerg Missile Weapons Level 2  
  84  6:35  Zergling x2  
  84  6:36  Zergling x18  
  94  6:40  Extractor  
  94  6:41  Extractor  
  92  6:53  Hydralisk x5  
  98  7:00  Drone x9  
  111  7:15  Zerg Ground Armor Level 2  
  111  7:18  Overlord x4  
  111  7:20  Overseer  
  111  7:23  Baneling x3  
  111  7:24  Baneling x2  
  111  7:25  Baneling  
  111  7:27  Baneling  
  111  7:30  Drone x3  
  114  7:41  Hydralisk  
  114  7:42  Hydralisk x3  
  122  7:48  Drone  
  122  7:49  Drone x3  
  126  7:57  Hydralisk  
  126  7:58  Hydralisk x3  
  134  8:18  Hatchery  
  134  8:19  Spore Crawler, Hydralisk  
  132  8:20  Hydralisk x4  
  142  8:33  Hydralisk x2  
  146  8:35  Overlord  
  146  8:36  Overlord, Infestation Pit  
  146  8:37  Overlord  
  145  8:54  Overlord x2  
  145  8:56  Roach x6  
  145  8:57  Roach  
  159  9:11  Hydralisk x5  
  169  9:26  Roach x8  
  185  9:47  Extractor  
  185  9:48  Overlord x3, Extractor  
  185  9:51  Hive  
  185  9:52  Spire  
  182  9:53  Zerg Melee Weapons Level 1  
  182  9:55  Roach x3  
  182  9:56  Roach  
  190  10:13  Roach x7  
  134  11:12  Roach x4  
  134  11:13  Roach x4  
  134  11:14  Hydralisk x14  
  134  11:15  Hydralisk x2  
  171  11:31  Drone x5  
  171  11:32  Drone, Ultralisk Cavern  
  176  11:48  Hydralisk  
  176  11:49  Hydralisk x6  
  190  12:07  Ravager x10  
  200  12:09  Hatchery  
  199  12:18  Chitinous Plating  
  199  12:44  Overseer  
  199  12:45  Overseer x2  
  143  13:48  Extractor  
  143  13:51  Extractor  
  143  13:53  Hatchery  
Show
View Real Time Build Order
Export as new Build Order

LilDicky Terran 

Build Orders:  

Get SALT Encoding   

  12  0:01  SCV  
  13  0:15  SCV  
  14  0:23  Supply Depot  
  14  0:27  SCV  
  15  0:35  Refinery  
  15  0:44  SCV  
  15  0:46  Barracks  
  16  0:56  SCV  
  17  1:09  SCV  
  18  1:21  SCV  
  19  1:33  SCV  
  20  1:43  Reaper  
  20  1:46  Command Center  
  21  1:54  Orbital Command  
  21  2:10  Factory  
  21  2:12  Refinery  
  21  2:17  Barracks Tech Lab  
  21  2:23  Supply Depot  
  21  2:29  SCV  
  22  2:41  SCV  
  22  2:48  Marine  
  21  3:08  Siege Tank  
  23  3:20  SCV  
  23  3:21  Marine  
  23  3:25  Orbital Command  
  25  3:33  SCV  
  26  3:41  Command Center  
  26  3:45  SCV  
  26  3:46  Marine  
  28  3:52  SCV  
  29  3:57  SCV  
  29  4:01  Siege Tank  
  33  4:04  SCV, Barracks Reactor  
  33  4:09  SCV  
  35  4:14  Starport  
  35  4:24  SCV  
  35  4:30  Bunker  
  36  4:35  Liberator  
  36  4:42  Siege Tank  
  36  4:44  Orbital Command  
  39  4:46  Marine x2  
  39  4:47  SCV  
  45  4:54  SCV  
  45  4:59  SCV  
  47  5:01  Bunker  
  47  5:06  Marine  
  49  5:09  Marine  
  49  5:11  SCV  
  49  5:13  Orbital Command  
  50  5:15  SCV  
  51  5:23  Engineering Bay  
  51  5:26  SCV  
  52  5:28  Liberator x2  
  52  5:39  SCV  
  52  5:40  SCV  
  54  5:43  Barracks Reactor  
  60  6:19  SCV, Supply Depot  
  60  6:22  Missile Turret, Liberator x2  
  60  6:23  Missile Turret  
  61  6:25  Missile Turret  
  61  6:26  Missile Turret  
  61  6:31  Missile Turret  
  61  6:37  Missile Turret  
  61  6:39  SCV x2  
  69  6:41  Marine x2  
  69  6:43  Supply Depot  
  71  6:47  Refinery  
  71  6:49  Refinery  
  71  6:51  SCV  
  71  6:53  SCV x2  
  74  6:59  Marine x2  
  76  7:03  SCV  
  77  7:10  SCV  
  78  7:15  Barracks  
  78  7:16  Barracks  
  78  7:17  Marine x2  
  80  7:23  SCV  
  80  7:24  SCV x2  
  83  7:32  Command Center  
  83  7:34  Marine  
  83  7:35  SCV  
  83  7:36  SCV x2  
  87  7:47  SCV  
  88  7:53  Marine  
  88  7:54  Marine  
  88  7:57  SCV x2  
  92  8:02  Supply Depot  
  92  8:03  Supply Depot  
  92  8:04  Barracks Tech Lab x2  
  92  8:06  Terran Infantry Weapons Level 1, Liberator  
  92  8:07  Liberator  
  92  8:08  Engineering Bay  
  92  8:11  SCV  
  93  8:23  Marine x2  
  93  8:24  SCV, Siege Tank  
  105  8:34  Bunker  
  105  8:35  Bunker, Missile Turret x2  
  105  8:40  Orbital Command  
  105  8:43  Supply Depot  
  105  8:48  Marine x2  
  105  8:52  Marine x2  
  109  8:56  Siege Tank  
  109  8:58  Terran Infantry Armor Level 1  
  109  8:59  SCV  
  109  9:00  Armory  
  113  9:06  Marine  
  114  9:11  Marine x2  
  114  9:12  Refinery, Marauder  
  114  9:16  Barracks  
  114  9:17  Refinery, Barracks  
  118  9:19  Barracks  
  118  9:26  Missile Turret  
  118  9:28  Marine  
  118  9:29  Marine  
  118  9:30  Marauder  
  122  9:35  Orbital Command  
  122  9:40  Refinery  
  122  9:42  SCV x2  
  122  9:44  Marine  
  125  9:46  Marine  
  125  9:49  Armory  
  125  9:51  Terran Vehicle And Ship Armor Level 1  
  126  9:53  Medivac  
  126  9:54  Marine x2, Medivac  
  132  10:02  Missile Turret  
  132  10:04  Missile Turret  
  132  10:13  Starport  
  132  10:16  Liberator x2  
  132  10:18  Starport  
  132  10:21  Combat Shields, Missile Turret  
  132  10:22  Stimpack, Missile Turret x3  
  132  10:23  Terran Infantry Weapons Level 2  
  132  10:29  Barracks Reactor, Marine x2  
  132  10:30  Barracks Reactor  
  132  10:31  Barracks Reactor  
  140  10:37  Marine x2  
  142  10:46  Missile Turret  
  142  10:49  Terran Vehicle Weapons Level 1  
  142  10:53  Starport Tech Lab  
  142  10:55  Starport Tech Lab  
  138  10:57  Missile Turret  
  86  11:15  Marine  
  70  11:31  Liberator x2  
  70  11:33  Marine x2  
  70  11:34  Banshee  
  70  11:35  Banshee  
  70  11:36  Cloaking Field  
  78  11:49  SCV  
  78  11:51  Marine x4  
  78  11:52  Marine x6  
  95  12:07  Siege Tank  
  97  12:09  Marine x5  
  97  12:10  SCV x2, Marine  
  105  12:16  SCV  
  106  12:26  Raven  
  106  12:28  SCV  
  108  12:36  Liberator  
  108  12:40  SCV  
  109  12:53  SCV  
  109  12:54  Banshee  
  109  12:55  SCV  
  117  13:02  Supply Depot  
  117  13:05  SCV  
  118  13:06  Marine x10  
  128  13:23  Marine  
  128  13:24  Marine x5  
  100  13:53  Marine  
  100  13:54  Marine x8  
  100  13:55  Marauder  
  86  14:05  Refinery  
Tags
 
Add a new tag
Caveats
  • Supply blocks, unpowered buildings, or Contaminate may cause inaccurate times.
  • Supply counts are checked every 10 seconds.